 Dungeon Crawl Stone Soup version 0.24-a0-434-gd57e52fea8 (webtiles) character file.

Game seed: 8812847179535868619

727 Anmu the Slasher (level 7, -3/58 HPs)
             Began as a Vampire Fighter on June 16, 2019.
             Was an Initiate of Gozag.
             Slain by a gnoll
             ... wielding a +0 halberd
              (13 damage)
             ... on level 5 of the Dungeon.
             The game lasted 00:13:49 (3830 turns).

Anmu the Slasher (Vampire Fighter)                  Turns: 3830, Time: 00:13:51

Health: -3/58      AC:  8    Str: 27    XL:     7   Next: 44%
Magic:  7/7        EV:  9    Int: 11    God:    Gozag
Gold:   377        SH: 10    Dex: 13    Spells: 6/6 levels left

rFire    . . .     SeeInvis +   a - +0 long sword
rCold    . . .     Gourm    .   c - +0 shield
rNeg     . . .     Faith    .   b - +0 scale mail
rPois    .         Spirit   .   (no helmet)
rElec    .         Reflect  .   e - +0 cloak
rCorr    +         Harm     .   (no gloves)
MR       .....                  (no boots)
Stlth    +.........             (no amulet)
HPRegen  0.39/turn              o - +5 ring of strength
MPRegen  0.10/turn              s - ring of resist corrosion

@: mighty, gold aura, regenerating quickly
A: no food, fangs 3, see invisible, sense surroundings 1, robust 1, unbreathing,
MP-powered wands
a: Exsanguinate, Potion Petition, Call Merchant, Bribe Branch, Renounce Religion


You were on level 5 of the Dungeon.
You worshipped Gozag.
Gozag was aware of your devotion.
You were alive.

You visited 2 branches of the dungeon, and saw 6 of its levels.

You collected 431 gold pieces.
You paid 54 gold pieces to Gozag.

Inventory:

Hand Weapons
 a - a +0 long sword (weapon)
Missiles
 u - 15 bolts
Armour
 b - a +0 scale mail (worn)
 c - a +0 shield (worn)
 e - a +0 cloak (worn)
Jewellery
 o - a +5 ring of strength (left hand)
 s - a ring of resist corrosion (right hand)
Scrolls
 g - a scroll of fear {unknown}
 h - 2 scrolls of remove curse
 i - a scroll of immolation {unknown}
 l - 2 scrolls of blinking
 m - 2 scrolls of teleportation {unknown}
 p - 2 scrolls of enchant armour {unknown}
 q - a scroll of enchant weapon {unknown}
 r - a scroll of fog {unknown}
 t - a scroll of magic mapping {unknown}
 v - 2 scrolls of identify
Potions
 d - a potion of might
 f - a potion of cancellation
 j - a potion of magic
 n - 3 potions of lignification


   Skills:
 + Level 3.7 Fighting
 + Level 5.1 Long Blades
 + Level 3.7 Armour
 + Level 2.0 Dodging
 * Level 4.4 Stealth
 + Level 4.1 Shields


You had 6 spell levels left.
You didn't know any spells.
Your spell library was empty.

Dungeon Overview and Level Annotations

Branches:
Dungeon (5/15)             Temple (1/1) D:4

Altars:
Fedhas
Gozag
Kikubaaqudgha
Makhleb
Nemelex Xobeh
Okawaru
Qazlal
Ru
Sif Muna
Trog
Uskayaw
Xom
Yredelemnul
Zin

Shops:
D:4 :


Innate Abilities, Weirdness & Mutations

You do not eat.
Your natural rate of healing is unusually fast.
You have razor-sharp teeth.
You have supernaturally acute eyesight. (SInv)
You can survive without breathing.
You passively map a small area around you.
You are robust. (+10% HP)
You expend magic power (3 MP) to strengthen your wands.


Message History

The gnoll barely misses you. x2
You closely miss the gnoll. Your bite misses the gnoll.
The gnoll is heavily wounded.
You block the gnoll's attack. The gnoll barely misses you.
You riposte.
You slash the gnoll!
You kill the gnoll!
Your Dodging skill increases to level 2!
The gnoll barely misses you. The gnoll hits you but does no damage.
You block the gnoll's attack. The gnoll hits you with a +3 spear.
* * * LOW HITPOINT WARNING * * *
Things that are here:
5 gold pieces; a +0 halberd The gnoll shouts!
You slash the gnoll! You bite the gnoll!
You kill the gnoll!
You block the gnoll's attack.
The gnoll hits you from afar with a +0 halberd!
You die...
Your body crumbles into a pile of gold.

##..####....., ##..#......., *
##.....# * ...## ##..###
....## #..# .....## ##.#
..$...# #.## ......## ##$#
.>.....# #@#
.......#########$#############
.........g.g...gg............#
≈≈.$..≈≈≈≈gg≈≈≈≈≈≈≈≈≈≈≈≈≈...P#
≈≈....≈≈≈g≈g≈≈≈≈≈≈≈≈≈≈≈≈≈....#
≈≈....≈≈g≈≈≈≈≈≈≈≈≈#####≈≈....#
..................#.g.#≈≈....#
##''''#############..g#≈≈P...#
*#....# #'###≈≈....#


You could see 4 gnolls.

Vanquished Creatures
  An ogre (D:4)
  A scorpion (D:5)
  A centaur zombie (D:5)
  A gnoll shaman (D:5)
  Crazy Yiuf (D:3)
  An orc priest (D:5)
  Ijyb (D:3)
  2 worker ants
  A hound skeleton (D:4)
  12 gnolls
  10 adders
  An ooze (D:1)
  3 worms (D:2)
  A dart slug (D:2)
  6 leopard geckos
  16 orcs
  5 giant cockroaches
  9 hobgoblins
  28 jackals
  17 kobolds
  2 quokkas
  4 ball pythons
  10 bats
  7 frilled lizards
  10 goblins
  8 rats
  A plant (D:5)
160 creatures vanquished.

Vanquished Creatures (others)
  A kobold (D:3)
1 creature vanquished.

Grand Total: 161 creatures vanquished

Notes
Turn   | Place    | Note
-------+----------+-------------------------------------------
     0 | D:1      | Anmu the Vampire Fighter began the quest for the Orb.
     0 | D:1      | Reached XP level 1. HP: 17/17 MP: 1/1
    88 | D:1      | Reached XP level 2. HP: 18/24 MP: 2/2
   186 | D:1      | Reached XP level 3. HP: 28/29 MP: 3/3
   648 | D:2      | Reached skill level 3 in Long Blades
   660 | D:2      | Reached XP level 4. HP: 28/35 MP: 4/4
  1192 | D:2      | Reached XP level 5. HP: 35/41 MP: 5/5
  1195 | D:2      | Reached skill level 1 in Dodging
  1578 | D:3      | Found a basalt altar of Yredelemnul.
  2027 | D:3      | Found a runed translucent door.
  2028 | D:3      | Noticed Crazy Yiuf
  2043 | D:3      | Noticed Ijyb
  2067 | D:3      | Killed Ijyb
  2067 | D:3      | Reached skill level 1 in Stealth
  2412 | D:3      | Gained mutation: You expend magic power (3 MP) to
                  | strengthen your wands. [potion of mutation]
  2412 | D:3      | Gained mutation: You passively map a small area around you.
                  | [potion of mutation]
  2422 | D:3      | Killed Crazy Yiuf
  2422 | D:3      | Reached skill level 4 in Long Blades
  2422 | D:3      | Reached XP level 6. HP: 47/47 MP: 6/6
  2502 | D:4      | Found Qent's Book Emporium.
  2748 | D:4      | Found a staircase to the Ecumenical Temple.
  2760 | Temple   | Entered the Ecumenical Temple
  2812 | Temple   | Became a worshipper of Gozag Ym Sagoz the Greedy
  3039 | D:4      | Lost mutation: You passively map a small area around you.
                  | [potion of mutation]
  3039 | D:4      | Lost mutation: You expend magic power (3 MP) to strengthen
                  | your wands. [potion of mutation]
  3039 | D:4      | Gained mutation: You are robust. (+10% HP) [potion of
                  | mutation]
  3039 | D:4      | Gained mutation: You expend magic power (3 MP) to
                  | strengthen your wands. [potion of mutation]
  3039 | D:4      | Gained mutation: You passively map a small area around you.
                  | [potion of mutation]
  3402 | D:5      | Entered Level 5 of the Dungeon
  3600 | D:5      | Reached XP level 7. HP: 57/57 MP: 7/7
  3801 | D:5      | Reached skill level 5 in Long Blades
  3830 | D:5      | Slain by a gnoll

Levels and vault maps discovered:
D:1:      dpeg_arrival_erosion, layout_basic
D:2:      layout_rooms, minmay_increasing_density
D:3:      layout_basic, lemuel_doored_altar, first_ration,
          uniq_crazy_yiuf_cottage, uniq_ijyb
D:4:      layout_loops_ring, minmay_temple_entry_glassed_door, serial_shops,
          shop
D:5:      lemuel_castle_with_subvaults [lemuel_castle_interior_original],
          layout_cave_pods, nicolae_dithmenos_the_darkroom, skrybe_limestone_x,
          kennysheep_generic_room_6
Temple:   dshaligram_water_room_temple

Skill      XL: |  1  2  3  4  5  6  7 |
---------------+----------------------+-----
Fighting       | 3 |  3.7
Shields        | 3 4 |  4.1
Long Blades    | 3 4 5 |  5.1
Armour         | 3 |  3.7
Dodging        | 1 2 |  2.0
Stealth        | 2 3 4 |  4.4

Action                   |  1- 3 |  4- 6 |  7- 9 || total
-------------------------+-------+-------+-------++-------
Melee: Long sword        |   119 |   342 |   100 ||   561
       Bite              |    11 |    32 |    10 ||    53
  Use: Potion            |       |     8 |     3 ||    11
       Scroll            |       |     2 |       ||     2
 Stab: Distracted        |       |     1 |     1 ||     2
Armor: Scale mail        |    69 |   137 |    44 ||   250
       Skin              |       |     2 |       ||     2
Dodge: Dodged            |    39 |    92 |    48 ||   179
Block: Shield            |    75 |   195 |    53 ||   323
       Rpst.: Long sword |    13 |    25 |     7 ||    45

Table legend:
 A = Non-vault XP
 B = Vault XP
 C = Vault XP percentage of total XP
 D = Non-vault monster count
 E = Vault monster count
 F = Vault count percentage of total count
                 A         B        C        D         E       F
            +---------+---------+-------+---------+---------+-------
      Total |     700 |     339 |  32.6 |     123 |      37 |  23.1
            +---------+---------+-------+---------+---------+-------
        D:1 |      71 |       0 |   0.0 |      32 |       0 |   0.0
        D:2 |     113 |      32 |  22.1 |      35 |       9 |  20.5
        D:3 |      94 |      79 |  45.7 |      30 |       2 |   6.2
        D:4 |     208 |       0 |   0.0 |      13 |       0 |   0.0
        D:5 |     214 |     228 |  51.6 |      13 |      26 |  66.7
            +---------+---------+-------+---------+---------+-------
